 Dungeon Crawl Stone Soup version 0.29-a0-506-ga2e7fffb44 (webtiles) character file.

Game seed: 2122779769217685441

66 spaghetti the Ruffian (level 4, -1/42 HPs)
             Began as a Naga Berserker on May 28, 2022.
             Was a Follower of Trog.
             Slain by a gnoll
             ... wielding a +0 flail
              (10 damage)
             ... on level 2 of the Dungeon.
             The game lasted 00:01:58 (1535 turns).

spaghetti the Ruffian (Naga Berserker)              Turns: 1535, Time: 00:01:58

Health: -1/42      AC:  3    Str: 21    XL:     4   Next: 15%
Magic:  4/4        EV:  9    Int:  7    God:    Trog [*.....]
Gold:   65         SH:  0    Dex: 11    Spells: 3/3 levels left

rFire   . . .      SeeInvis +     - Unarmed
rCold   . . .      Faith    .   (no shield)
rNeg    . . .      Spirit   .   a - +0 animal skin
rPois   +          Reflect  .   j - +0 helmet
rElec   .          Harm     .   (no cloak)
rCorr   .          Rampage  .   (no gloves)
Will    .....                   (no barding)
Stlth   +.........              (no amulet)
HPRegen 0.14/turn               (no ring)
MPRegen 0.09/turn               (no ring)

@: on berserk cooldown, slowed, very slow
A: AC +1, large, see invisible, deformed body, poison resistance, slowness 2,
spit poison 1, naga tail 1
a: Spit Poison, Renounce Religion, Berserk


You were on level 2 of the Dungeon.
You worshipped Trog.
Trog was aware of your devotion.
You visited 1 branch of the dungeon, and saw 2 of its levels.

You collected 65 gold pieces.


Innate Abilities, Weirdness & Mutations

Your serpentine skin is tough. (AC +1)
You have supernaturally acute eyesight. (SInv)
Armour fits poorly on your strangely shaped body.
Your system is resistant to poisons. (rPois)
You cover ground very slowly.
You can spit poison.
You have a snake-like lower body.


   Skills:
 - Level 3.0 Fighting
 - Level 1.5 Armour
 - Level 1.5 Dodging
 + Level 4.9 Unarmed Combat


You had 3 spell levels left.
You didn't know any spells.
Your spell library contained the following spells:

 Spells                   Type           Power      Damage    Failure   Level
 Beastly Appendage        Tmut           0%         N/A       43%         1
 Necrotize                Necr           0%         1d4       43%         1
 Wereblood                Tmut           0%         N/A       56%         2
 Spider Form              Tmut/Pois      0%         N/A       80%         3
 Vampiric Draining        Necr           0%         2d6       80%         3
 Agony                    Necr           0%         N/A       100%        5

Inventory:

Missiles
 e - 4 poisoned darts {throwing}
 g - 53 stones (quivered) {throwing}
Armour
 a - a +0 animal skin (worn)
 j - a +0 helmet (worn)
   (You found it on level 1 of the Dungeon)
Scrolls
 c - a scroll of amnesia {unknown}
 f - a scroll of identify {unknown}
 h - a scroll of enchant armour {unknown}
Potions
 b - a potion of brilliance {unknown}
 d - 2 potions of mutation {unknown}
 i - a potion of ambrosia {unknown}

Dungeon Overview and Level Annotations

Branches:
Dungeon (2/15)

Altars:

# #.....# ....
#######.....# .#.##
.....# ..# .#.# ..##.#
#?# .#.# ..##.# #.#
.#.### ..##.# ###.###
..... .....# #....)#
...# .....#
#.###)###...# #.##.##
#†# #...@g..#
#.....###.###..###......
####...........# ##.##
####.########### .....#
######


You could see a gnoll.


Message History

You are too injured to fight recklessly!
You are too injured to fight recklessly!
You are too injured to fight recklessly!
You are too injured to fight recklessly!
You are too injured to fight recklessly!
You are too injured to fight recklessly!
You hit the quokka. You punch the quokka.
You kill the quokka!
Trog accepts your kill.
You see here a quokka corpse.
You see here a quokka corpse.
You pick up a book of Necromancy {forbidden} and begin reading...
You add the spells Necrotize, Vampiric Draining and Agony to your library. 😎 HP[+3]
Your hp is fully restored (34).
You see here a quokka corpse.
A gnoll comes into view. It is wielding a +0 whip.
A gnoll is nearby!
A gnoll comes into view. It is wielding a +0 whip.
The gnoll shouts! x2; You hear a shout! x2
A gnoll comes into view. It is wielding a +0 whip.
The gnoll hits you but does no damage.
You hit the gnoll. You hit the gnoll. You hit the gnoll. You hit the gnoll.
You kill the gnoll!
Trog accepts your kill.
You barely miss the gnoll. The gnoll closely misses you. The gnoll misses you.
You punch the gnoll! The gnoll barely misses you.
The gnoll hits you with a +0 whip! 😕 HP[-8]
You take 8 damage, and now have 26/34 hp.
MASSIVE DAMAGE!! (PAUSE)
A red film seems to cover your vision as you go berserk!
You feel yourself moving faster!
You feel mighty! The gnoll barely misses you.
The gnoll hits you with a +0 whip. 😮 HP[+11]
You now have 51 max hp (+17).
You regained 11 hp, and now have 37/51 hp.
You punch the gnoll!
You kill the gnoll!
Trog accepts your kill.
The gnoll hits you with a +0 whip. 😮 HP[-6]
You take 6 damage, and now have 31/51 hp.
You punch the gnoll! The gnoll hits you with a +0 whip.
* * * LOW HITPOINT WARNING * * *
😨 HP[-6]
You take 6 damage, and now have 25/51 hp.
You hit the gnoll.
You kill the gnoll!
Trog accepts your kill.
You have reached level 4!
You feel agile. 😨 HP[+6] MP[+1]
You now have 63 max hp (+12).
You regained 6 hp, and now have 31/63 hp.
Your mp is fully restored (4).
You start resting.
An endoplasm comes into view.
Unknown command.
Unknown command.
You feel a strong urge to attack something.
Things that are here:
a +0 whip {mace}; a +0 whip {mace}; a gnoll corpse You barely miss the endoplasm.
You hit the endoplasm. The endoplasm freezes you.
You are frozen.
* * * LOW HITPOINT WARNING * * *
😨 HP[-1]
You take 1 damage, and now have 30/63 hp.
You punch the endoplasm!
You kill the endoplasm!
Trog accepts your kill.
Calm down first, please.
Calm down first, please.
You start resting.
You feel a strong urge to attack something.
Unknown command.
Unknown command.
You start resting.
You are no longer berserk.
You are exhausted.
You feel yourself slow down. 😨 HP[-10]
You now have 42 max hp (-21).
Unknown command.
Unknown command.
A gnoll comes into view. It is wielding a +0 flail.
A gnoll is nearby!
A gnoll is nearby!
A gnoll is nearby!
You are too injured to fight recklessly! 😨 HP[+1]
You closely miss the gnoll. The gnoll hits you with a +0 flail!
* * * LOW HITPOINT WARNING * * *
The gnoll hits you with a +0 flail!
You die...

Skill      XL: |  1  2 |
---------------+-------+-----
Unarmed Combat | 4 |  4.9
Fighting       | |  3.0
Armour         | |  1.5
Dodging        | |  1.5

Action                   |  1- 3 |  4- 6 || total
-------------------------+-------+-------++-------
Melee: Unarmed           |    95 |     4 ||    99
       Punch             |     3 |       ||     3
Invok: Berserk           |     1 |       ||     1
 Stab: Sleeping          |     1 |       ||     1
Armor: Animal skin       |    20 |       ||    20
Dodge: Dodged            |    42 |       ||    42

Levels and vault maps discovered:
D:1:      eino_arrival_cavern_a, layout_loops_ring
D:2:      layout_loops_cross, dreamdust_ecumenical_altar_drowned_temple

Notes
Turn   | Place    | Note
-------+----------+-------------------------------------------
     0 | D:1      | spaghetti the Naga Berserker began the quest for the Orb.
     0 | D:1      | Reached XP level 1. HP: 21/21 MP: 1/1
     0 | D:1      | magus.rc [v1.9.6]
   346 | D:1      | Reached XP level 2. HP: 16/28 MP: 2/2
   925 | D:1      | Reached skill level 4 in Unarmed Combat
  1010 | D:1      | You pick up a book of Changes {forbidden} and begin
                  | reading...
  1010 | D:1      | You add the spells Beastly Appendage, Wereblood and Spider
                  | Form to your library.
  1192 | D:1      | Reached XP level 3. HP: 30/34 MP: 3/3
  1495 | D:2      | You pick up a book of Necromancy {forbidden} and begin
                  | reading...
  1495 | D:2      | You add the spells Necrotize, Vampiric Draining and Agony
                  | to your library.
  1524 | D:2      | Reached XP level 4. HP: 31/42 MP: 4/4
  1535 | D:2      | HP: 9/42 [gnoll/+0 flail (12)]
  1535 | D:2      | Slain by a gnoll

Vanquished Creatures
  3 gnolls (D:2)
  A worm (D:2)
  5 endoplasms
  3 giant cockroaches
  4 jackals (D:1)
  3 quokkas
  5 ball pythons
  4 bats
  A frilled lizard (D:1)
  A kobold (D:1)
  4 rats
34 creatures vanquished.

Table legend:
 A = Non-vault XP
 B = Vault XP
 C = Vault XP percentage of total XP
 D = Non-vault monster count
 E = Vault monster count
 F = Vault count percentage of total count
                 A         B        C        D         E       F
            +---------+---------+-------+---------+---------+-------
      Total |      95 |       0 |   0.0 |      34 |       0 |   0.0
            +---------+---------+-------+---------+---------+-------
        D:1 |      36 |       0 |   0.0 |      24 |       0 |   0.0
        D:2 |      59 |       0 |   0.0 |      10 |       0 |   0.0
            +---------+---------+-------+---------+---------+-------

Illustrated notes

Table legend:
 A = Kills in this place as a percentage of kills in entire the game.
 B = Kills by you in this place as a percentage of kills by you in the entire game.
 C = Kills by friends in this place as a percentage of kills by friends in the entire game.
 D = Other kills in this place as a percentage of other kills in the entire game.
 E = Experience gained in this place as a percentage of experience gained in the entire game.
 F = Experience gained in this place divided by the number of levels of this place that you have seen.
                   A       B       C       D       E      F
               +-------+-------+-------+-------+-------+----------------------
         Total | 100.0 | 100.0 |   N/A |   N/A | 100.0 |  47.5
       Dungeon | 100.0 | 100.0 |   N/A |   N/A | 100.0 |  47.5
               +-------+-------+-------+-------+-------+----------------------

Table legend: (Time is in decaauts)
 A = Elapsed time spent in this place.
 B = Non-inter-level travel time spent in this place.
 C = Inter-level travel time spent in this place.
 D = Time resting spent in this place.
 E = Time spent auto-exploring this place.
 F = Levels seen in this place.
 G = Mean time per level.
                   A        B        C        D        E       F      G
               +--------+--------+--------+--------+--------+-----+--------+
         Total |   1791 |   1763 |     28 |      0 |   1527 |   2 |  895.5 |
       Dungeon |   1791 |   1763 |     28 |      0 |   1527 |   2 |  895.5 |
               +--------+--------+--------+--------+--------+-----+--------+

Top non-repeatable levels by time:
     D:1: 1534 daAuts
     D:2: 256 daAuts
